 Dungeon Crawl Stone Soup version 0.20.1-1-g8b1a95d (webtiles) character file.

228 dohliylev the Covered (level 6, -2/38 HPs)
             Began as a Gargoyle Fighter on Aug 12, 2017.
             Slain by a mummy (4 damage)
             ... in an ossuary.
             The game lasted 00:07:29 (2412 turns).

dohliylev the Covered (Gargoyle Fighter)            Turns: 2412, Time: 00:07:30

Health: -2/38      AC: 18    Str: 30 (32) XL:     6   Next: 2%
Magic:  6/6        EV:  6    Int:  5 (8)  God:
Gold:   258        SH: 10    Dex:  9      Spells: 5/5 levels left

rFire    . . .     SeeInvis .   a - +0 flail
rCold    . . .     Gourm    .   c - +0 shield
rNeg     + . .     Faith    .   z - +0 plate armour
rPois    ∞         Spirit   .   (no helmet)
rElec    +         Reflect  .   (no cloak)
rCorr    .         Harm     .   q - +0 pair of gloves
MR       .....                  t - +0 pair of boots
Stlth    ..........             (no amulet)
Regen    0.2/turn               k - +5 ring of strength
MPRegen  0.1/turn               (no ring)

@: mighty, flying, hasted, very quick
A: negative energy resistance 1, electricity resistance, unbreathing,
petrification resistance, rot immunity, AC +4
a: no special abilities


You were in an ossuary.
You were not hungry.

You visited 1 branch of the dungeon, and saw 4 of its levels.
You also visited: Ossuary.

You collected 258 gold pieces.

Inventory:

Hand Weapons
 a - a +0 flail (weapon)
Armour
 c - a +0 shield (worn)
 q - a +0 pair of gloves (worn)
 t - a +0 pair of boots (worn)
 z - a +0 plate armour (worn)
Jewellery
 k - a +5 ring of strength (left hand)
 B - the amulet of the Republic {Inacc rF+ Str+3, unknown}
   (You found it on level 4 of the Dungeon)

   [amulet of inaccuracy]

   It reduces the accuracy of all your attacks.
   It affects your strength (+3).
   It protects you from fire.
Wands
 C - a wand of flame (34/48)
Scrolls
 e - a scroll of amnesia {unknown}
 m - 4 scrolls of identify {unknown}
 p - a scroll of noise {unknown}
 s - 2 scrolls of blinking {unknown}
 v - 3 scrolls of random uselessness {unknown}
 x - a scroll of recharging {unknown}
 y - 2 scrolls of remove curse {unknown}
Potions
 b - a potion of resistance {unknown}
 g - a potion of berserk rage {unknown}
 h - 2 potions of degeneration
 l - a potion of agility {unknown}
 n - a potion of invisibility {unknown}
 o - 3 potions of haste
 u - a potion of flight
Comestibles
 f - 3 bread rations
 i - a royal jelly
 j - 2 meat rations
 w - 3 fruits
 A - 4 chunks of flesh


   Skills:
 + Level 4.0 Fighting
 + Level 3.7 Maces & Flails
 + Level 4.4 Armour
 + Level 1.2 Dodging
 + Level 4.3 Shields


You had 5 spell levels left.
You didn't know any spells.

Dungeon Overview and Level Annotations

Branches:
Dungeon (4/15)
 Temple: D:4-7

Altars:


Innate Abilities, Weirdness & Mutations

You are resistant to torment.
Your stone body is resilient. (AC +4)
You are immune to poison.
You resist negative energy. (rN+)
You are resistant to electric shocks. (rElec)
You can survive without breathing.
You are immune to petrification.
You are immune to rotting.


Message History

The mummy hits you.
* * * LOW HITPOINT WARNING * * *
You sock the mummy!
You destroy the mummy!
You feel your dexterity returning.
You have reached level 6!
Your experience leads to an increase in your attributes!
Your base attributes are Str 21, Int 8, Dex 9.
Increase (S)trength, (I)ntelligence, or (D)exterity?
You feel stronger. The mummy barely misses you.
It was a potion of flight.
You feel very buoyant.
You fly up into the air.
You hit the mummy.
The mummy is moderately damaged.
You completely miss the mummy.
The mummy is moderately damaged.
The mummy hits you.
You die...

##................##
##..............##
#+##.......M##+#
##......## ##....##
#....# #.M..# #..M.#
#.@..# #....# #....#
#....# #.∩∩.# ######


You could see 3 mummies.

Vanquished Creatures
  An orc priest (D:3)
  A worker ant (D:4)
  5 mummies (Ossuary)
  5 adders
  2 dart slugs
  5 orcs
  A giant cockroach (D:1)
  4 goblins
  7 hobgoblins
  6 jackals
  4 kobolds
  2 quokkas
  6 bats
  2 frilled lizards
  A gnoll zombie (Ossuary)
  A hobgoblin zombie (Ossuary)
  2 kobold zombies (Ossuary)
  A leopard gecko skeleton (D:4)
  3 orc zombies (Ossuary)
  8 rats (D:1)
67 creatures vanquished.

Notes
Turn   | Place    | Note
-------+----------+-------------------------------------------
     0 | D:1      | dohliylev the Gargoyle Fighter began the quest for the Orb.
     0 | D:1      | Reached XP level 1. HP: 14/14 MP: 1/1
    97 | D:1      | Reached XP level 2. HP: 17/19 MP: 2/2
   150 | D:1      | You fall through a shaft!
   856 | D:2      | Reached XP level 3. HP: 23/23 MP: 3/3
  1557 | D:3      | Reached XP level 4. HP: 8/29 MP: 4/4
  1956 | D:3      | Reached skill level 1 in Dodging
  2098 | D:4      | Reached XP level 5. HP: 33/33 MP: 5/5
  2238 | D:4      | Got a wavering ivory amulet
  2302 | D:4      | Found a sand-covered staircase.
  2313 | Ossuary  | Entered an ossuary
  2369 | Ossuary  | HP: 1/33 [mummy (4)]
  2407 | Ossuary  | HP: 1/33 [mummy (4)]
  2408 | Ossuary  | Reached XP level 6. HP: 2/38 MP: 6/6
  2412 | Ossuary  | Slain by a mummy

Skill      XL: |  1  2  3  4  5 |
---------------+----------------+-----
Armour         | 4 |  4.4
Shields        | 4 |  4.3
Maces & Flails | 3 |  3.7
Dodging        | 1 |  1.2
Fighting       | 4 |  4.0

Action                   |  1- 3 |  4- 6 || total
-------------------------+-------+-------++-------
Melee: Flail             |   152 |   111 ||   263
  Use: Potion            |       |     6 ||     6
  Eat: Chunk             |     2 |     3 ||     5
Armor: Scale mail        |    93 |    25 ||   118
       Plate armour      |       |    61 ||    61
Dodge: Dodged            |    57 |    54 ||   111
Block: Shield            |   105 |    80 ||   185
